 Dungeon Crawl Stone Soup version 0.31.0-11-ge490571c62 (webtiles) character file.

Game seed: 2268547436047243646

870 qw the Shooter (level 7, 0/35 HPs)
             Began as a Spriggan Hunter on Feb 4, 2024.
             Was a Follower of Okawaru.
             Engulfed by a steam dragon's steam (3 damage)
             ... on level 6 of the Dungeon.
             The game lasted 00:00:15 (3987 turns).

qw the Shooter (Spriggan Hunter)                    Turns: 3987, Time: 00:00:16

Health: 0/35       AC:  5    Str: 12 (13) XL:     7   Next: 73%
Magic:  8/10       EV: 27    Int:  9 (10) God:    Okawaru [*.....]
Gold:   31         SH:  0    Dex: 20 (21) Spells: 6/6 levels left

rFire   . . .        h - +0 orcbow
rCold   + + +        (shield currently unavailable)
rNeg    . . .        k - +0 robe of Dithmenos's Grace {^Contam rC+++ SInv Stlth+}
rPois   .            (helmet restricted)
rElec   .            d - +2 cloak
rCorr   .            (gloves unavailable)
SInv    +            (boots unavailable)
Will    +....        b - amulet of regeneration
Stlth   +++++        c - +6 ring of strength
HPRegen 1.05/turn    (no ring)
MPRegen 0.12/turn

%: no passive effects
@: about to teleport, heroic, very quick
A: very small, no large weapons, unfitting armour, see invisible, speed 3
a: Renounce Religion, Heroism


You were on level 6 of the Dungeon.
You worshipped Okawaru.
Okawaru was aware of your devotion.
You visited 1 branch of the dungeon, and saw 6 of its levels.

You collected 237 gold pieces.
You spent 206 gold pieces at shops.


Innate Abilities, Weirdness & Mutations

You are very small and have problems with some larger weapons.
You are too small for most types of armour.
You have supernaturally acute eyesight. (SInv)
You cover ground extremely quickly. (Speed+++)


   Skills:
 - Level 2.3(7.3) Fighting
 - Level 7.1(12.1) Ranged Weapons
 + Level 6.6(11.6) Dodging
 - Level 1.5(6.5) Stealth
 + Level 3.7 Invocations


You had 6 spell levels left.
You didn't know any spells.
Your spell library was empty.

Inventory:

Hand Weapons
 h - a +0 orcbow (weapon)
Armour
 d - a +2 cloak (worn)
 k - the +0 robe of Dithmenos's Grace (worn) {^Contam rC+++ SInv Stlth+}
   (You found it on level 4 of the Dungeon)

   rC+++:     It renders you almost immune to cold.
   SInv:      It lets you see invisible.
   ^Contam:   It causes magical contamination when unequipped.
   Stlth+:    It makes you more stealthy.
Jewellery
 b - an amulet of regeneration (around neck)
 c - a +6 ring of strength (left hand)
 l - a ring of fire
Wands
 a - a wand of mindburst (19)
 j - a wand of flame (16)
Potions
 e - a potion of haste
 f - a potion of resistance
 g - a potion of heal wounds
 i - 2 potions of curing
 m - a potion of cancellation {unknown}
 n - 2 potions of enlightenment
 q - a potion of might

Dungeon Overview and Level Annotations

Branches:
Dungeon (6/15)             Temple (0/1) D:6

Altars:
Cheibriados
Okawaru
Ru

Shops:
D:2 (   D:5 :[*!=


Message History

You shoot an arrow.
The arrow hits the adder but does no damage.
The adder is severely wounded.
You hear the slow hiss of an avalanche of sand nearby.
The adder closely misses you.
You shoot an arrow. The arrow closely misses the adder.
The adder closely misses you. x2
You shoot an arrow. The arrow barely misses the adder.
The adder bites you.
You shoot an arrow. The arrow hits the adder!
You kill the adder!
Okawaru accepts your kill.
Found 9 stones.
Found a stone staircase leading up.
Enter note:
Found a stone staircase leading down.
Enter note: A steam dragon comes into view.
You see here 9 stones.
3981 ||| INVOKING Heroism.
You gain the combat prowess of a mighty hero.
The steam dragon breathes steam at you. The ball of steam hits you!
You hear a shout!
3982 ||| Stepping ~*~*~tactically~*~*~ (cloud).
You start resting.
A steam dragon is nearby!
You shoot an arrow. The arrow hits the steam dragon.
The steam dragon is lightly wounded.
The steam dragon breathes steam at you. The ball of steam hits you!!
Ouch! That really hurt!
You hear a shout!
You hear an angry hiss.
You shoot an arrow.
The arrow closely misses the steam dragon.
You are engulfed in a cloud of scalding steam.
3987 ||| READING scroll of teleportation.
As you read the scroll of teleportation, it crumbles to dust.
You feel strangely unstable.
You are engulfed in a cloud of scalding steam.
You die...

## # .. #. .# #. ##.#
#.##.. #D #..#.#
#.##...## #..¤#¤@.####
#..D(#....##
##...####..##### #.
#..## ##.....# #..
.<>.## #####.# #.#
##.....### ###..# #.##
.... ...###...### #.#.
#.$.## ..........# #.#.
....#####......##.###.#.


You could see a steam dragon (catching breath).

Vanquished Creatures
  A water moccasin (D:6)
  An ice beast (D:6)
  An ogre (D:5)
  A centaur (D:6)
  A bullfrog (D:6)
  A scorpion (D:5)
  2 bombardier beetles
  2 hounds
  An iguana (D:6)
  A sleepcap (D:4)
  An orc wizard (D:5)
  3 gnolls (D:4)
  7 adders
  A shadow imp (D:5)
  A white imp (D:6)
  2 ufetubi (D:5)
  A dart slug (D:4)
  A ribbon worm (D:4)
  5 orcs
  5 endoplasms
  A giant cockroach (D:4)
  4 goblins
  7 hobgoblins
  6 kobolds
  4 quokkas
  6 ball pythons
  5 bats
  6 frilled lizards
  5 rats
83 creatures vanquished.

Notes
Turn   | Place    | Note
-------+----------+-------------------------------------------
     0 | D:1      | qw the Spriggan Hunter began the quest for the Orb.
     0 | D:1      | Reached XP level 1. HP: 10/10 MP: 2/2
     0 | D:1      | 0 ||| qw: Version: 0.3-a-160-g6735b56
     0 | D:1      | 0 ||| qw: Game counter: 5740
     0 | D:1      | 0 ||| qw: Melee chars always use a shield: true
     0 | D:1      | 0 ||| qw: God list: Okawaru
     0 | D:1      | 0 ||| qw: Allow faded altars: false
     0 | D:1      | 0 ||| qw: Do Orc after clearing Dungeon:15 true
     0 | D:1      | 0 ||| qw: Do second Lair branch before Depths: true
     0 | D:1      | 0 ||| qw: Lair rune preference: random
     0 | D:1      | 0 ||| qw: Goals: Normal
     0 | D:1      | 0 ||| PLANNING D:1-11
    53 | D:1      | Reached skill level 3 in Dodging
   180 | D:1      | Reached XP level 2. HP: 14/14 MP: 3/3
   793 | D:1      | 793 ||| READING 2 scrolls labelled VYL AGGUOLO.
   894 | D:1      | 894 ||| READING scroll labelled SAV AFUOLYUW.
   894 | D:1      | 894 ||| BRANDING +0 shortbow.
   895 | D:1      | 895 ||| READING scroll labelled GEOSKEULON.
   896 | D:1      | 896 ||| DROPPING scroll of butterflies.
   897 | D:1      | 897 ||| DROPPING scroll of vulnerability.
  1188 | D:2      | Reached XP level 3. HP: 18/18 MP: 4/4
  1294 | D:2      | Found Gedyd's Weapon Shoppe.
  1303 | D:2      | 1303 ||| SHOPLISTING +2 orcbow of Capital Punishment
                  | {antimagic, Str+4} (359 gold, have 74).
  1540 | D:2      | 1540 ||| UPGRADING to +2 cloak.
  1545 | D:2      | 1545 ||| READING 2 scrolls labelled YPSETU GOALIDE.
  1545 | D:2      | 1545 ||| IDENTIFYING pink potion
  1546 | D:2      | 1546 ||| READING scroll of identify.
  1546 | D:2      | 1546 ||| IDENTIFYING sapphire potion
  1547 | D:2      | 1547 ||| READING scroll labelled KARAGO FIYFASONT.
  1550 | D:2      | 1550 ||| READING scroll labelled XEXTEV QUCY.
  1550 | D:2      | 1550 ||| ENCHANTING +0 shortbow of flaming.
  1551 | D:2      | 1551 ||| DRINKING 2 golden potions.
  1657 | D:3      | You fall into a shaft and drop 1 floor!
  1703 | D:4      | Reached skill level 5 in Ranged Weapons
  1703 | D:4      | Reached XP level 4. HP: 22/22 MP: 5/5
  1909 | D:4      | 1909 ||| READING scroll of identify.
  1909 | D:4      | 1909 ||| IDENTIFYING silvery potion
  1910 | D:4      | 1910 ||| READING scroll labelled POSTEU UDUGHU.
  1911 | D:4      | 1911 ||| DROPPING potion of attraction.
  2119 | D:3      | Found an iron altar of Okawaru.
  2120 | D:3      | 2120 ||| PLANNING OKAWARU WORSHIP
  2120 | D:3      | 2120 ||| UPGRADING to amulet of regeneration.
  2125 | D:3      | 2125 ||| DRINKING 2 fuming brown potions.
  2133 | D:3      | Became a worshipper of Warmaster Okawaru
  2134 | D:3      | 2134 ||| PLANNING D:1-11
  2408 | D:4      | Reached XP level 5. HP: 26/26 MP: 6/6
  2615 | D:4      | Identified the +0 robe of Dithmenos's Grace {^Contam rC+++
                  | SInv Stlth+}
  2888 | D:4      | 2888 ||| UPGRADING to +0 robe of Dithmenos's Grace {^Contam
                  | rC+++ SInv Stlth+}.
  2898 | D:4      | 2898 ||| DROPPING +0 robe.
  2912 | D:5      | Entered Level 5 of the Dungeon
  2966 | D:5      | Found Ussucady's Jewellery Shop.
  2975 | D:5      | 2975 ||| SHOPLISTING +5 ring of evasion (504 gold, have
                  | 190).
  2975 | D:5      | 2975 ||| SHOPLISTING ring of positive energy (280 gold,
                  | have 190).
  2975 | D:5      | 2975 ||| SHOPLISTING ring of protection from fire (350
                  | gold, have 190).
  3010 | D:5      | Reached skill level 6 in Ranged Weapons
  3014 | D:5      | Reached XP level 6. HP: 17/31 MP: 7/7
  3046 | D:5      | Found Opnemm's Distillery.
  3054 | D:5      | 3054 ||| SHOPLISTING 2 potions of cancellation (192 gold,
                  | have 190).
  3054 | D:5      | 3054 ||| BUYING 2 potions of enlightenment (120 gold).
  3054 | D:5      | Bought 2 potions of enlightenment for 120 gold pieces
  3054 | D:5      | 3054 ||| BUYING potion of curing (36 gold).
  3054 | D:5      | Bought a potion of curing for 36 gold pieces
  3054 | D:5      | 3054 ||| SHOPLISTING potion of curing (36 gold, have 34).
  3054 | D:5      | 3054 ||| SHOPLISTING potion of heal wounds (60 gold, have
                  | 34).
  3068 | D:5      | Reached skill level 6 in Dodging
  3070 | D:5      | Found Ongapig's Antique Armour Emporium.
  3075 | D:5      | 3075 ||| SHOPLISTING shiny acid dragon scales (1161 gold,
                  | have 34).
  3116 | D:5      | Reached * piety under Okawaru
  3227 | D:5      | Found Soikh's Book Emporium.
  3343 | D:5      | Identified the staff of the Ten Artisans {rElec rF+ Stlth+
                  | Hexes Summ Ice Air}
  3364 | D:5      | Found Ymaedd's Assorted Antiques.
  3372 | D:5      | 3372 ||| BUYING 2 blue potions (50 gold).
  3372 | D:5      | Bought 2 blue potions for 50 gold pieces
  3372 | D:5      | 3372 ||| SHOPLISTING clear potion (25 gold, have 7).
  3372 | D:5      | 3372 ||| SHOPLISTING fizzy brown potion (25 gold, have 7).
  3372 | D:5      | 3372 ||| SHOPLISTING fuming sapphire potion (25 gold, have
                  | 7).
  3372 | D:5      | 3372 ||| SHOPLISTING inky potion (25 gold, have 7).
  3372 | D:5      | 3372 ||| SHOPLISTING scroll labelled SIREREHUINN (28 gold,
                  | have 7).
  3388 | D:5      | Reached skill level 1 in Invocations
  3482 | D:5      | Found a sacrificial altar of Ru.
  3628 | D:5      | 3628 ||| UPGRADING to +6 ring of strength.
  3629 | D:5      | 3629 ||| READING scroll of identify.
  3629 | D:5      | 3629 ||| IDENTIFYING red potion
  3630 | D:5      | 3630 ||| READING scroll labelled VEAXEB TARCHAPE.
  3631 | D:5      | 3631 ||| DRINKING 2 sedimented puce potions.
  3632 | D:5      | 3632 ||| DRINKING 2 blue potions.
  3633 | D:5      | 3633 ||| DROPPING potion of lignification.
  3634 | D:5      | 3634 ||| DROPPING potion of degeneration.
  3689 | D:6      | 3689 ||| PLANNING OSSUARY
  3750 | D:6      | Noticed a water moccasin
  3751 | D:6      | 3751 ||| INVOKING Heroism.
  3762 | D:6      | Killed a water moccasin
  3763 | D:6      | Reached XP level 7. HP: 28/35 MP: 7/9
  3781 | D:6      | Found a snail-covered altar of Cheibriados.
  3836 | D:6      | Reached skill level 7 in Ranged Weapons
  3836 | D:6      | Reached skill level 3 in Invocations
  3846 | D:6      | 3846 ||| SWAPPING to +0 orcbow.
  3847 | D:6      | 3847 ||| DROPPING +0 shortbow of flaming.
  3854 | D:6      | Found a staircase to the Ecumenical Temple.
  3980 | D:6      | Noticed a steam dragon
  3981 | D:6      | 3981 ||| INVOKING Heroism.
  3982 | D:6      | 3982 ||| Stepping ~*~*~tactically~*~*~ (cloud).
  3986 | D:6      | HP: 2/35 [steam dragon] (9)]
  3987 | D:6      | 3987 ||| READING scroll of teleportation.
  3987 | D:6      | Engulfed by a steam dragon's steam

Levels and vault maps discovered:
D:1:      minmay_arrival_loop, layout_basic, serial_curves, eino_curves_02,
          eino_curves_01, minmay_misc_feat_ornament
D:2:      layout_basic, serial_shops, nicolae_shop_tiny_glass, st_stairs_5,
          kennysheep_donut, grunt_decor_junction, dk_noncrumbling_4
D:3:      layout_loops_cross, mainiacjoe_overflow_surrounded_room,
          nicolae_kite_square_tiling_tiny
D:4:      layout_loops_corners, hex_medium, minmay_misc_feat_plants,
          minmay_misc_feat_encased
D:5:      layout_loops_cross, nicolae_ru_the_path_less_chosen, serial_glass,
          glass_columns_a, glass_columns_c, serial_shops, shop, shop, shop,
          shop, shop
D:6:      layout_rooms, grunt_dithmenos_smoke_and_mirrors,
          mainiacjoe_overflow_alcove_2, minmay_temple_entry_stoned_glass,
          enter_ossuary_2

Skill      XL: |  1  2  3  4  5  6  7 |
---------------+----------------------+-----
Dodging        | 3 4 5 6 |  6.6
Ranged Weapons | 5 6 7 |  7.1
Fighting       | 2 |  2.3
Invocations    | 2 3 |  3.7
Stealth        | |  1.5

Action                     |  1- 3 |  4- 6 |  7- 9 || total
---------------------------+-------+-------+-------++-------
   Fire: Shortbow          |    81 |   117 |    24 ||   222
         Orcbow            |       |       |    33 ||    33
 Invoke: Heroism           |       |     1 |     1 ||     2
    Use: Scroll            |     7 |     4 |     1 ||    12
         Potion            |     1 |     3 |       ||     4
 Armour: Robe              |     2 |    26 |    22 ||    50
  Dodge: Dodged            |    11 |    59 |    57 ||   127

Table legend:
 A = Non-vault XP
 B = Vault XP
 C = Vault XP percentage of total XP
 D = Non-vault monster count
 E = Vault monster count
 F = Vault count percentage of total count
                 A         B        C        D         E       F
            +---------+---------+-------+---------+---------+-------
      Total |    1238 |       6 |   0.5 |      79 |       4 |   4.8
            +---------+---------+-------+---------+---------+-------
        D:1 |      30 |       0 |   0.0 |      21 |       0 |   0.0
        D:2 |      21 |       6 |  22.2 |       7 |       4 |  36.4
        D:3 |      16 |       0 |   0.0 |       9 |       0 |   0.0
        D:4 |     217 |       0 |   0.0 |      21 |       0 |   0.0
        D:5 |     351 |       0 |   0.0 |      13 |       0 |   0.0
        D:6 |     603 |       0 |   0.0 |       8 |       0 |   0.0
            +---------+---------+-------+---------+---------+-------
